 Dungeon Crawl Stone Soup version 0.29-a0-472-ge5599a681e (webtiles) character file.

Game seed: 17257677090885852488

425 omnomnOMINOUS the Changer (level 6, 0/42 HPs)
             Began as an Octopode Wanderer on May 22, 2022.
             Was a Follower of Fedhas.
             Slain by a quasit (2 damage)
             ... summoned by Eustachio
             ... while paralysed
             ... on level 4 of the Dungeon.
             The game lasted 00:09:55 (4715 turns).

omnomnOMINOUS the Changer (Octopode Wanderer)       Turns: 4715, Time: 00:09:55

Health: 0/42       AC:  1    Str: 14 (15) XL:     6   Next: 96%
Magic:  9/9        EV:  2    Int: 16 (17) God:    Fedhas [*.....]
Gold:   136        SH:  0    Dex: -2 (7)  Spells: 6/10 levels left

rFire   + + .      SeeInvis +   a - +2 hand axe (vorpal)
rCold   . . .      Faith    .   (no shield)
rNeg    . . .      Spirit   .   (helmet restricted)
rPois   +          Reflect  .   (no amulet)
rElec   .          Harm     .   n - ring of see invisible
rCorr   .          Rampage  .   q - ring "Gankoxon" {rPois rF++ Stlth-}
Will    .....                   r - ring of wizardry
Stlth   ..........              t - ring of wizardry
HPRegen 0.14/turn               (no ring)
MPRegen 0.11/turn               (no ring)
                                (no ring)
                                (no ring)

@: paralysed, mighty, slowed, lost dexterity
A: almost no armour, amphibious, 8 rings, camouflage 1, gelatinous body 1,
(nimble swimmer 1), tentacles, poison resistance
a: Renounce Religion


You were on level 4 of the Dungeon.
You worshipped Fedhas.
Fedhas was aware of your devotion.
You visited 1 branch of the dungeon, and saw 4 of its levels.

You collected 136 gold pieces.

Inventory:

Hand Weapons
 a - a +2 vorpal hand axe (weapon)
 b - a +2 shortbow
Jewellery
 n - a ring of see invisible (left tentacle)
 q - the ring "Gankoxon" (right tentacle) {rPois rF++ Stlth-}
   (You found it on level 3 of the Dungeon)

   [ring of poison resistance]

   rF:        It greatly protects you from fire.
   rPois:     It protects you from poison.
   Stlth:     It makes you less stealthy.
 r - a ring of wizardry (on tentacle)
 t - a ring of wizardry (on tentacle)
Wands
 y - a wand of acid (7)
Scrolls
 e - a scroll of teleportation {unknown}
 f - a scroll of poison {unknown}
 g - 5 scrolls of noise {unknown}
 j - 2 scrolls of torment {unknown}
 k - a scroll of blinking {unknown}
 l - 3 scrolls of identify {unknown}
 s - a scroll of magic mapping {unknown}
 u - a scroll of silence {unknown}
 v - a scroll of enchant weapon {unknown}
 x - 2 scrolls of enchant armour {unknown}
 z - a scroll of fog {unknown}
Potions
 d - a potion of might
 h - a potion of curing
 i - a potion of flight {unknown}
 m - a potion of lignification {unknown}
 o - a potion of mutation
 p - a potion of invisibility {unknown}
 w - a potion of haste {unknown}
 A - a potion of cancellation {unknown}


   Skills:
 + Level 3.0 Fighting
 - Level 4.0 Bows
 - Level 1.0 Throwing
 + Level 2.6 Dodging
 + Level 2.6 Spellcasting
 + Level 4.1 Transmutations
 + Level 2.1 Fire Magic
 + Level 3.1 Poison Magic


You had 6 spell levels left.
You knew the following spells:

 Your Spells              Type           Power      Damage    Failure   Level
a - Sting                 Tmut/Pois      52%        1d5       1%          1
b - Ignite Poison         Fire/Tmut/Pois 12%        N/A       4%          3

Your spell library contained the following spells:

 Spells                   Type           Power      Damage    Failure   Level
 Apportation              Tloc           4%         N/A       5%          1
 Freeze                   Ice            8%         1d3       5%          1
 Slow                     Hex            8%         N/A       5%          1
 Summon Small Mammal      Summ           8%         N/A       5%          1
 Call Canine Familiar     Summ           2%         N/A       16%         3
 Confusing Touch          Hex            2%         N/A       16%         3
 Frozen Ramparts          Ice            4%         1d2       16%         3
 Summon Guardian Golem    Hex/Summ       2%         N/A       16%         3
 Vampiric Draining        Necr           2%         2d6       16%         3
 Alistair's Intoxication  Tmut/Pois      8%         N/A       30%         5
 Hailstorm                Conj/Ice       2%         3d3       43%         4


Dungeon Overview and Level Annotations

Branches:
Dungeon (4/15)
 Temple: D:4-7

Altars:
Elyvilon
Fedhas

Annotations:
D:4 Eustachio


Innate Abilities, Weirdness & Mutations

You cannot wear most types of armour.
You are amphibious.
You can wear up to eight rings at the same time.
Your skin changes colour to match your surroundings (Stealth+).
Your rubbery body absorbs attacks. (AC +1, EV +1)
((You are camouflaged when in or above water. (Stealth+)))
You have tentacles for arms and can constrict up to eight enemies at once.
Your system is resistant to poisons. (rPois)


Message History

You slash the quasit! Your grab misses the quasit.
Your squeeze misses the quasit.
The quasit is severely wounded.
You kill the ufetubus!
The ufetubus disappears in a puff of smoke!
The quasit barely misses you. The quasit claws you. x2
You feel clumsy.
It was a potion of mutation.
You feel extremely strange.
You feel less in control of your magic.
You feel resistant to poisons.
You regain control of your magic.
The quasit barely misses you. x2; The quasit claws you.
* * * LOW HITPOINT WARNING * * *
You feel clumsy. The quasit misses you. The quasit closely misses you.
The quasit barely misses you.
It was a potion of degeneration.
There was something very wrong with that liquid.
You feel weakened.
You feel dopey.
You feel clumsy.
You have lost your dexterity.
The quasit bites you but does no damage.
The quasit claws you.
* * * LOW HITPOINT WARNING * * *
You feel clumsy. The quasit claws you.
* * * LOW HITPOINT WARNING * * *
The quasit bites you.
* * * LOW HITPOINT WARNING * * *
The quasit claws you.
* * * LOW HITPOINT WARNING * * *
The quasit claws you but does no damage.
The quasit bites you.
* * * LOW HITPOINT WARNING * * *
You feel clumsy.
The quasit claws you but does no damage.
The quasit claws you.
* * * LOW HITPOINT WARNING * * *
Eustachio gestures wildly while chanting.
Eustachio blinks!
The quasit bites you.
You die...
Fedhas appreciates your contribution to the ecosystem.

##.#.# #.#.# #.#.# #.#.#
#...# #.#.# ##..# #
#.#.# #..# #.#.#.# #..#
#.#.#.#####
#####.########..J§......
.....>......####5#......
............'..#@# S...W
............##.#.# @.s.
............#....# ...
............#....# ..
............#....# .
............#....#
#######.#.<......#
#.#.######.#
#.#.#...##.#


You could see a quasit (summoned) and an endoplasm.

Vanquished Creatures
  Sigmund (D:4)
  A necrophage (D:4)
  Ijyb (D:4)
  2 iguanas (D:4)
  An orc wizard (D:3)
  4 adders
  3 dart slugs
  5 orcs
  4 ball pythons
  4 bats
  6 endoplasms
  3 giant cockroaches
  3 goblins
  5 hobgoblins
  2 jackals
  2 quokkas (D:2)
  3 frilled lizards
  6 kobolds
  13 rats
69 creatures vanquished.

Vanquished Creatures (others)
  7 plants (D:2)
7 creatures vanquished.

Grand Total: 76 creatures vanquished

Notes
Turn   | Place    | Note
-------+----------+-------------------------------------------
     0 | D:1      | omnomnOMINOUS the Octopode Wanderer began the quest for the
                  | Orb.
     0 | D:1      | omnomnOMINOUS set off with the following items: a +2
                  | shortbow, 9 boomerangs, a +0 dagger, a potion of might; and
                  | the following spell memorised: Sting; and the following
                  | spells available to memorise: Ignite Poison
     0 | D:1      | Reached XP level 1. HP: 13/13 MP: 2/2
   283 | D:1      | Reached XP level 2. HP: 18/18 MP: 3/3
   612 | D:1      | Reached skill level 1 in Poison Magic
   859 | D:1      | Reached XP level 3. HP: 23/23 MP: 5/5
   936 | D:1      | Learned a level 3 spell: Ignite Poison
  1409 | D:2      | Reached skill level 1 in Dodging
  2553 | D:3      | Identified the ring "Gankoxon" {rPois rF++ Stlth-}
  2589 | D:3      | Found a faded altar of an unknown god.
  2599 | D:3      | Prayed at the altar of an unknown god.
  2599 | D:3      | Became a worshipper of Fedhas Madash
  2599 | D:3      | Reached * piety under Fedhas
  2960 | D:3      | Reached XP level 4. HP: 29/29 MP: 6/6
  2989 | D:3      | Found a white marble altar of Elyvilon.
  3237 | D:3      | Reached skill level 1 in Fire Magic
  3419 | D:4      | Noticed an ogre
  3539 | D:4      | Noticed Ijyb
  3554 | D:4      | Killed Ijyb
  3555 | D:4      | Reached XP level 5. HP: 21/34 MP: 1/7
  3703 | D:4      | Noticed Sigmund
  4003 | D:4      | Killed Sigmund
  4004 | D:4      | Reached XP level 6. HP: 23/41 MP: 4/9
  4284 | D:4      | Reached ** piety under Fedhas
  4694 | D:4      | Noticed Eustachio
  4712 | D:4      | Gained mutation: Your spells are a little harder to cast,
                  | but a little more powerful. [potion of mutation]
  4712 | D:4      | Gained mutation: Your system is resistant to poisons.
                  | (rPois) [potion of mutation]
  4712 | D:4      | Lost mutation: Your spells are a little harder to cast, but
                  | a little more powerful. [potion of mutation]
  4713 | D:4      | Lost dexterity.
  4715 | D:4      | HP: 2/42 [quasit[Eustachio] (2)]
  4715 | D:4      | Slain by a quasit

Illustrated notes

Levels and vault maps discovered:
D:1:      amcnicky_arrival_gap_in_the_tavern_cellar, layout_loops_ring,
          serial_aquarium, aquarium_bridge_straight [aquarium_subvault_bridge,
          aquarium_subvault_window, aquarium_subvault_bridge,
          aquarium_subvault_wall], aquarium_bridge_square
          [aquarium_subvault_bridge, aquarium_subvault_wall,
          aquarium_subvault_window, aquarium_subvault_wall],
          aquarium_window_fake, aquarium_window_fake, aquarium_window_1,
          aquarium_view_2g, aquarium_view_2e, aquarium_pool_2,
          minmay_rat_gold_closets
D:2:      layout_basic, serial_bayou_lake_a
D:3:      layout_basic, general_overflow_altar, chequers_ecumenical_altar_island
D:4:      layout_basic, uniq_sigmund, uniq_eustachio, uniq_menkaure, uniq_ijyb

Skill      XL: |  1  2  3  4  5  6 |
---------------+-------------------+-----
Poison Magic   | 1 2 3 |  3.1
Dodging        | 1 2 |  2.6
Fighting       | 2 3 |  3.0
Fire Magic     | 1 2 |  2.1
Spellcasting   | 2 |  2.6
Transmutations | 4 |  4.1
Bows           | |  4.0
Throwing       | |  1.0

Action                   |  1- 3 |  4- 6 || total
-------------------------+-------+-------++-------
Melee: Dagger            |    30 |       ||    30
       Constrict         |    18 |    12 ||    30
       Tentacles         |     8 |    12 ||    20
       Punch             |     2 |     1 ||     3
       Hand axe          |    54 |    60 ||   114
 Cast: Sting             |       |    14 ||    14
       Ignite Poison     |       |     3 ||     3
Invok: Wall of Briars    |       |     1 ||     1
Evoke: Wand              |       |     1 ||     1
  Use: Potion            |       |     4 ||     4
 Stab: Sleeping          |     7 |       ||     7
Armor: Skin              |     6 |    15 ||    21
Dodge: Dodged            |    45 |    84 ||   129

Table legend: (Time is in decaauts)
 A = Elapsed time spent in this place.
 B = Non-inter-level travel time spent in this place.
 C = Inter-level travel time spent in this place.
 D = Time resting spent in this place.
 E = Time spent auto-exploring this place.
 F = Levels seen in this place.
 G = Mean time per level.
                   A        B        C        D        E       F      G
               +--------+--------+--------+--------+--------+-----+--------+
         Total |   4746 |   4519 |    227 |   1378 |   2426 |   4 | 1186.5 |
       Dungeon |   4746 |   4519 |    227 |   1378 |   2426 |   4 | 1186.5 |
               +--------+--------+--------+--------+--------+-----+--------+

Top non-repeatable levels by time:
     D:3: 1623 daAuts
     D:1: 1351 daAuts
     D:2: 942 daAuts
     D:4: 829 daAuts
